 Dungeon Crawl Stone Soup version 0.30-a0-571-gdf30a72648 (webtiles) character file.

Game seed: 5130718921106761796

123 bmack86 the Shield-Bearer (level 4, -1/40 HPs)
             Began as a Minotaur Fighter on Dec 30, 2022.
             Killed from afar by an orc wizard (4 damage)
             ... with a puff of flame
             ... on level 3 of the Dungeon.
             The game lasted 00:07:15 (1943 turns).

bmack86 the Shield-Bearer (Minotaur Fighter)        Turns: 1943, Time: 00:07:16

Health: -1/40      AC:  8    Str: 22    XL:     4   Next: 80%
Magic:  3/3        EV: 14    Int:  5    God:
Gold:   149        SH:  4    Dex: 10    Spells: 3/3 levels left

rFire   . . .      SeeInvis .    a - +0 war axe
rCold   . . .      Faith    .    c - +0 buckler
rNeg    + . .      Spirit   .    b - +0 scale mail
rPois   .          Reflect  .    (helmet restricted)
rElec   .          Harm     .    (no cloak)
rCorr   .          Rampage  .    (no gloves)
Will    .....                    y - +0 pair of boots Stlth
                                 m - amulet of regeneration
HPRegen 1.06/turn                i - +5 ring of evasion
MPRegen 0.08/turn                o - ring of positive energy

@: no status effects
A: horns 2, retaliatory headbutt
a: no special abilities


You were on level 3 of the Dungeon.
You visited 1 branch of the dungeon, and saw 3 of its levels.

You collected 149 gold pieces.

Inventory:

Hand Weapons
 a - a +0 war axe (weapon)
Missiles
 w - 3 poisoned darts (quivered)
Armour
 b - a +0 scale mail (worn)
 c - a +0 buckler (worn)
 f - a scarf of harm
 y - a +0 pair of boots (worn)
Jewellery
 h - a ring of ice
 i - a +5 ring of evasion (left hand)
 j - an amulet of the acrobat
 m - an amulet of regeneration (around neck)
 o - a ring of positive energy (right hand)
 t - an amulet of reflection
Wands
 q - a wand of iceblast (8)
Scrolls
 e - a scroll of magic mapping {unknown}
 g - a scroll of identify {unknown}
 k - a scroll of silence {unknown}
 l - a scroll of amnesia
 p - a scroll of enchant weapon {unknown}
 r - a scroll of teleportation {unknown}
 s - a scroll of enchant armour {unknown}
 u - a scroll of poison {unknown}
Potions
 d - a potion of might
 n - a potion of curing {unknown}
 v - a potion of heal wounds {unknown}
 x - a potion of lignification {unknown}


   Skills:
 + Level 4.3 Fighting
 * Level 4.1 Axes
 + Level 1.1 Throwing
 + Level 4.3 Armour
 + Level 4.3 Shields


You had 3 spell levels left.
You didn't know any spells.
Your spell library was empty.

Dungeon Overview and Level Annotations

Branches:
Dungeon (3/15)

Altars:


Innate Abilities, Weirdness & Mutations

You have a pair of horns on your head.
You reflexively headbutt those who attack you in melee.


Message History

The orc moves out of view.
Found a scroll of amnesia.
A ball python comes into view.
The ball python hisses angrily.
The orc closely misses you. You block the orc wizard's attack.
You hit the orc.
The orc is heavily wounded.
You closely miss the orc wizard. You block the orc's attack.
The orc wizard barely misses you.
You closely miss the orc.
The orc is heavily wounded.
You closely miss the orc priest. You closely miss the orc wizard.
The orc priest invokes the aid of Beogh against you.
Beogh smites you! The orc barely misses you.
The orc wizard hits you with a +0 dagger.
You hit the orc. Your headbutt misses the orc.
The orc is heavily wounded.
You hit the orc priest.
You hit the orc wizard but do no damage.
You hit the orc priest.
The orc priest hits you with a +0 hand axe!
The orc priest misses you. You furiously retaliate!
You headbutt the orc priest!
You kill the orc priest!
The orc wizard misses you. The orc completely misses you.
The orc wizard hits you with a +0 dagger.
The orc barely misses you.
The orc priest invokes the aid of Beogh against you.
Beogh smites you!
* * * LOW HITPOINT WARNING * * *
The goblin hits you but does no damage.
Your Throwing skill increases to level 1!
You hit the orc priest.
The orc priest is heavily wounded.
You hit the orc wizard. You hit the orc but do no damage.
You closely miss the goblin. The orc priest closely misses you.
The goblin barely misses you. The orc closely misses you.
The orc wizard casts a spell at you. The puff of flame hits you.
You die...

.......## .......#
###########..... .......#
........?.#....# .......#
..........#....# .##.####
...............# .##.#
...............# ###.#
.......S.......# ###'###
......oog......# ......#
......o@.......# ......#
########....#### ......#
#....#
......###########....####
................'........
......########.##.>...###
......########+##.....#
......##..........###....
########..........# ####


You could see an orc priest, an orc wizard, an orc, a goblin and a ball python.

Vanquished Creatures
  An orc priest (D:3)
  Robin (D:2)
  A dart slug (D:3)
  6 orcs (D:3)
  5 ball pythons
  4 bats
  6 endoplasms
  9 hobgoblins
  4 jackals (D:3)
  7 kobolds
  2 quokkas
  13 goblins
  6 rats (D:1)
65 creatures vanquished.

Notes
Turn   | Place    | Note
-------+----------+-------------------------------------------
     0 | D:1      | bmack86 the Minotaur Fighter began the quest for the Orb.
     0 | D:1      | Reached XP level 1. HP: 19/19 MP: 0/0
   219 | D:1      | Reached XP level 2. HP: 27/27 MP: 1/1
   843 | D:1      | Reached XP level 3. HP: 28/33 MP: 2/2
  1437 | D:2      | Noticed Robin
  1464 | D:2      | Killed Robin
  1499 | D:2      | Reached XP level 4. HP: 40/40 MP: 3/3
  1563 | D:3      | Found a faded altar of an unknown god.
  1942 | D:3      | HP: 1/40 [orc priest/divine providence (13)]
  1943 | D:3      | Reached skill level 1 in Throwing
  1943 | D:3      | Killed from afar by an orc wizard

Illustrated notes

Levels and vault maps discovered:
D:1:      ncdulo_halloftheorcs, layout_basic, minmay_bisected
D:2:      layout_loops_cross, uniq_robin
D:3:      layout_basic, mainiacjoe_overflow_brackets,
          chequers_ecumenical_altar_simple, kennysheep_generic_room_8

Skill      XL: |  1  2  3  4 |
---------------+-------------+-----
Axes           | 3 4 |  4.1
Shields        | 4 |  4.3
Fighting       | 4 |  4.3
Armour         | 4 |  4.3
Throwing       | 1 |  1.1

Action                   |  1- 3 |  4- 6 || total
-------------------------+-------+-------++-------
Melee: War axe           |    92 |    15 ||   107
       Headbutt          |    10 |     1 ||    11
Throw: Boomerang         |     8 |       ||     8
  Use: Scroll            |       |     1 ||     1
Armor: Scale mail        |    51 |     4 ||    55
Dodge: Dodged            |    58 |    31 ||    89
Block: Buckler           |    18 |     9 ||    27

Table legend: (Time is in decaauts)
 A = Elapsed time spent in this place.
 B = Non-inter-level travel time spent in this place.
 C = Inter-level travel time spent in this place.
 D = Time resting spent in this place.
 E = Time spent auto-exploring this place.
 F = Levels seen in this place.
 G = Mean time per level.
                   A        B        C        D        E       F      G
               +--------+--------+--------+--------+--------+-----+--------+
         Total |   1985 |   1948 |     37 |      0 |   1301 |   3 |  661.7 |
       Dungeon |   1985 |   1948 |     37 |      0 |   1301 |   3 |  661.7 |
               +--------+--------+--------+--------+--------+-----+--------+

Top non-repeatable levels by time:
     D:1: 945 daAuts
     D:2: 653 daAuts
     D:3: 385 daAuts
